 Dungeon Crawl Stone Soup version 0.31-a0-117-g42d8f58691 (webtiles) character file.

Game seed: 5757801562667276555

4458 LustLizard the Grappler (level 10, -15/71 HPs)
             Began as an Octopode Berserker on May 31, 2023.
             Was an Elder of Trog.
             Killed from afar by a steam dragon (24 damage)
             ... with a ball of steam
             ... on level 8 of the Dungeon.
             The game lasted 00:16:54 (7750 turns).

LustLizard the Grappler (Octopode Berserker)        Turns: 7750, Time: 00:16:55

Health: -15/71     AC:  1    Str: 27    XL:     10   Next: 37%
Magic:  10/10      EV: 14    Int:  9    God:    Trog [****..]
Gold:   506        SH:  0    Dex: 12    Spells: 9/9 levels left

rFire   . .          .
                       - Unarmed
rCold   . . .        (no shield)
rNeg    . . .        (helmet restricted)
rPois   +            h - amulet of the acrobat
rElec   .            b - ring of poison resistance
rCorr   .            k - ring of flight
SInv    +            t - ring of see invisible
Will    .....        y - +6 ring of strength
Stlth   +++++        (no ring)
HPRegen 0.31/turn    (no ring)
MPRegen 0.12/turn    (no ring)
                     (no ring)

%: acrobat
@: flying
A: almost no armour, amphibious, 8 rings, camouflage 1, gelatinous body 1,
(nimble swimmer 1), tentacles
a: Renounce Religion, Berserk, Trog's Hand, Brothers in Arms


You were on level 8 of the Dungeon.
You worshipped Trog.
Trog was greatly pleased with you.
You visited 1 branch of the dungeon, and saw 8 of its levels.

You collected 506 gold pieces.

Inventory:

Missiles
 D - a throwing net
Armour
 B - a +0 tower shield
Jewellery
 b - a ring of poison resistance (left tentacle)
 h - an amulet of the acrobat (around mantle)
 k - a ring of flight (right tentacle)
 t - a ring of see invisible (on tentacle)
 y - a +6 ring of strength (on tentacle)
Wands
 s - a wand of charming (9) (quivered)
 A - a wand of iceblast (5)
 E - a wand of flame (23)
Scrolls
 a - a scroll of identify
 c - 5 scrolls of brand weapon
 d - 4 scrolls of enchant armour
 g - 3 scrolls of teleportation
 i - a scroll of fear {unknown}
 j - 2 scrolls of amnesia {unknown}
 l - a scroll of silence {unknown}
 q - a scroll of poison {unknown}
 u - 2 scrolls of noise {unknown}
 v - a scroll of immolation {unknown}
 w - 2 scrolls of magic mapping
 x - a scroll of fog {unknown}
 z - a scroll of blinking {unknown}
 C - a scroll of enchant weapon {unknown}
Potions
 e - 5 potions of curing
 f - a potion of heal wounds
 m - a potion of resistance
 n - 2 potions of might {unknown}
 o - 2 potions of enlightenment
 p - a potion of invisibility {unknown}
 r - a potion of haste {unknown}


   Skills:
 + Level 7.5 Fighting
 + Level 5.0 Dodging
 + Level 9.6 Stealth
 + Level 3.4 Shields
 * Level 10.3 Unarmed Combat


You had 9 spell levels left.
You didn't know any spells.
Your spell library was empty.

Dungeon Overview and Level Annotations

Branches:
Dungeon (8/15)             Temple (0/1) D:7            Lair (0/5) D:8

Altars:
Dithmenos
Makhleb

Shops:
D:4 :

Annotations:
D:8 1 transporter, billz999's ghost, novice NaIE


Innate Abilities, Weirdness & Mutations

You cannot wear most types of armour.
You are amphibious.
You can wear up to eight rings at the same time.
Your skin changes colour to match your surroundings (Stealth+).
Your rubbery body absorbs attacks. (AC +1, EV +1)
((You are camouflaged when in or above water. (Stealth+)))
You have tentacles for arms and can constrict up to eight enemies at once.


Message History

Trog accepts your kill.
You can now call in reinforcements.
Trog appreciates your killing of a magic user.
Your Dodging skill increases to level 5!
E - a wand of flame (23)
You now have 506 gold pieces (gained 12).
Things that are here:
a +0 dagger; a +0 cloak Search for what [? for help]? armor The steam dragon breathes steam at you.
The ball of steam misses you.
You tentacle-slap the steam dragon. Your squeeze misses the steam dragon.
The steam dragon is lightly wounded.
The steam dragon misses you. The steam dragon claws you.
You closely miss the steam dragon. Your squeeze misses the steam dragon.
The steam dragon is lightly wounded.
You are engulfed in a cloud of scalding steam.
The steam dragon breathes steam at you. The ball of steam hits you!
You bludgeon the steam dragon! You squeeze the steam dragon.
The steam dragon is heavily wounded.
You tentacle-slap the steam dragon but do no damage.
You tentacle-slap the steam dragon. You squeeze the steam dragon.
The steam dragon is almost dead.
The steam dragon bites you. The steam dragon claws you.
You closely miss the steam dragon. Your squeeze misses the steam dragon.
The steam dragon is almost dead.
The steam dragon bites you. The steam dragon closely misses you.
You barely miss the steam dragon.
Your tentacle-slap misses the steam dragon.
The steam dragon is almost dead.
The steam dragon breathes steam at you. The ball of steam hits you!!
* * * LOW HITPOINT WARNING * * *
You tentacle-slap the steam dragon but do no damage.
The steam dragon is almost dead.
You are engulfed in a cloud of scalding steam.
* * * LOW HITPOINT WARNING * * *
The steam dragon breathes steam at you. The ball of steam hits you!!
You die...

#...# #.###. #[..+
......... #...###.....#...
###.#..........#
#.#.###.##...# .#
#............##.#
#..#............#.
#.##.##.......... ..
#.##..@........#.#..##.
####'#####D..#....#.#..#$#
#...>.D.§§........#....#©#
#.....######......#....#o#
#.....# #...........##o
#.....# #<...........##
#.....# ##............#
####### ###.#.........
#.#..###.##.


You could see a steam dragon (catching breath).

Vanquished Creatures
  Pikel (D:4)
  An elephant (D:8)
  Maurice (D:8)
  Maggie (D:6)
  Sigmund (D:4)
  A wyvern (D:8)
  Edmund (D:5)
  An acid dragon (D:8)
  3 water moccasins
  An orc warrior (D:7)
  A black bear (D:8)
  An ogre (D:6)
  A sky beast (D:8)
  An ice beast (D:7)
  2 centaurs
  Blork the orc (D:5)
  2 kobold brigands (D:8)
  2 scorpions
  A bullfrog (D:6)
  A gnoll sergeant (D:6)
  3 wights (D:7)
  5 killer bees (D:7)
  A howler monkey (D:4)
  3 hounds
  A gnoll bouda (D:7)
  4 orc priests
  A sleepcap (D:6)
  Ijyb (D:5)
  5 iguanas
  4 orc wizards
  6 gnolls
  3 adders (D:2)
  A white imp (D:7)
  An ufetubus (D:4)
  3 worms
  5 dart slugs
  29 orcs
  9 ball pythons
  9 endoplasms
  8 giant cockroaches
  6 goblins
  7 hobgoblins
  3 jackals (D:2)
  5 quokkas
  10 bats
  A frilled lizard (D:1)
  11 kobolds
  8 rats
178 creatures vanquished.

Vanquished Creatures (collateral kills)
  A kobold (D:8)
1 creature vanquished.

Vanquished Creatures (others)
  A black bear (D:8)
  2 orcs (D:7)
3 creatures vanquished.

Grand Total: 182 creatures vanquished

Notes
Turn   | Place    | Note
-------+----------+-------------------------------------------
     0 | D:1      | LustLizard the Octopode Berserker began the quest for the
                  | Orb.
     0 | D:1      | Reached XP level 1. HP: 16/16 MP: 1/1
    28 | D:1      | Reached skill level 1 in Stealth
    28 | D:1      | Reached XP level 2. HP: 18/21 MP: 2/2
   166 | D:1      | Reached XP level 3. HP: 23/26 MP: 3/3
   246 | D:1      | Reached ** piety under Trog
   690 | D:2      | Reached skill level 4 in Unarmed Combat
   831 | D:2      | Reached XP level 4. HP: 29/31 MP: 4/4
  1716 | D:3      | Reached *** piety under Trog
  1720 | D:3      | Reached XP level 5. HP: 26/37 MP: 5/5
  2197 | D:3      | Identified the +0 pair of gloves of the Known World {rC+
                  | Dex+3}
  2674 | D:4      | Reached skill level 5 in Unarmed Combat
  2796 | D:4      | Found Laus's Tremendous Tomes.
  2834 | D:4      | Identified the +4 ring mail "Birr" {rC++}
  2917 | D:4      | Reached XP level 6. HP: 43/43 MP: 6/6
  3046 | D:4      | Found a burning altar of Makhleb.
  3046 | D:4      | Found a shadowy altar of Dithmenos.
  3080 | D:4      | Noticed Sigmund
  3109 | D:4      | Killed Sigmund
  3110 | D:4      | Reached XP level 7. HP: 41/49 MP: 7/7
  3258 | D:4      | Noticed Pikel
  3268 | D:4      | Killed Pikel
  3269 | D:4      | Reached skill level 5 in Fighting
  3269 | D:4      | Reached skill level 5 in Stealth
  3269 | D:4      | Reached skill level 6 in Unarmed Combat
  3269 | D:4      | Reached XP level 8. HP: 14/55 MP: 8/8
  3738 | D:5      | Entered Level 5 of the Dungeon
  3745 | D:5      | Reached skill level 7 in Unarmed Combat
  4057 | D:5      | Noticed Edmund
  4064 | D:5      | Killed Edmund
  4214 | D:5      | Noticed Blork the orc
  4217 | D:5      | Killed Blork the orc
  4218 | D:5      | Reached skill level 8 in Unarmed Combat
  4290 | D:5      | Noticed Ijyb
  4308 | D:5      | Killed Ijyb
  5012 | D:6      | Noticed Maggie
  5392 | D:6      | Reached XP level 9. HP: 62/62 MP: 9/9
  5676 | D:6      | Reached **** piety under Trog
  5756 | D:6      | Killed Maggie
  5757 | D:6      | Reached skill level 9 in Unarmed Combat
  6071 | D:6      | Reached skill level 1 in Shields
  6337 | D:7      | Found a staircase to the Ecumenical Temple.
  7265 | D:8      | Found a transporter.
  7274 | D:8      | Noticed billz999's ghost (novice NaIE)
  7299 | D:8      | Reached XP level 10. HP: 67/71 MP: 10/10
  7327 | D:8      | Found a staircase to the Lair.
  7341 | D:8      | Noticed an elephant
  7365 | D:8      | Killed an elephant
  7366 | D:8      | Reached skill level 10 in Unarmed Combat
  7720 | D:8      | Noticed Maurice
  7727 | D:8      | Killed Maurice
  7728 | D:8      | Reached skill level 5 in Dodging
  7750 | D:8      | Killed from afar by a steam dragon

Illustrated notes

Levels and vault maps discovered:
D:1:      ncdulo_watergridlock, layout_rooms, chequers_serial_rivers_micro_e
D:2:      layout_loops_ring, serial_aquarium, aquarium_bridge_square
          [aquarium_subvault_balcony, aquarium_subvault_wall,
          aquarium_subvault_bridge, aquarium_subvault_bridge],
          aquarium_window_3, aquarium_window_corner, aquarium_window_2,
          aquarium_view_2f, aquarium_view_2e
D:3:      wad_river_or_something, layout_basic
D:4:      layout_loops_corners, gammafunk_temple_overflow_wave,
          nicolae_shop_i_like_big_books, uniq_pikel, uniq_sigmund
D:5:      minmay_inner_zag, layout_loops_ring, minmay_misc_feat_diagonals,
          uniq_edmund, uniq_ijyb, uniq_blork_the_orc
D:6:      layout_basic, nicolae_grassy_gnolls, uniq_maggie
D:7:      layout_cave_pools, minmay_temple_entry_mist
D:8:      lemuel_ratsnest, layout_basic, david_lair_generic, nzn_ghost_randoct,
          dreamdust_wishing_well, uniq_maurice

Skill      XL: |  1  2  3  4  5  6  7  8  9 10 |
---------------+-------------------------------+-----
Stealth        | 1 2 3 4 5 7 9 |  9.6
Unarmed Combat | 4 5 6 8 9 10 | 10.3
Fighting       | 4 5 6 7 |  7.5
Shields        | 2 3 |  3.4
Dodging        | 4 5 |  5.0

Action                     |  1- 3 |  4- 6 |  7- 9 | 10-12 || total
---------------------------+-------+-------+-------+-------++-------
  Melee: Unarmed           |    89 |    90 |   188 |    37 ||   404
         Constrict         |    25 |    24 |    39 |     5 ||    93
         Tentacles         |    20 |    26 |    39 |     5 ||    90
         Punch             |     3 |     4 |    14 |     5 ||    26
 Invoke: Berserk           |     1 |       |     4 |     1 ||     6
         Trog's Hand       |       |       |     2 |       ||     2
  Evoke: Wand              |       |       |       |     1 ||     1
    Use: Scroll            |       |     5 |     5 |       ||    10
         Potion            |       |       |     3 |       ||     3
   Stab: Sleeping          |     3 |    16 |    15 |     2 ||    36
 Armour: Skin              |     9 |     3 |       |     4 ||    16
  Dodge: Dodged            |    62 |    41 |   109 |    18 ||   230

Table legend: (Time is in decaauts)
 A = Elapsed time spent in this place.
 B = Non-inter-level travel time spent in this place.
 C = Inter-level travel time spent in this place.
 D = Time resting spent in this place.
 E = Time spent auto-exploring this place.
 F = Levels seen in this place.
 G = Mean time per level.
                   A        B        C        D        E       F      G
               +--------+--------+--------+--------+--------+-----+--------+
         Total |   7736 |   7521 |    215 |    773 |   5361 |   8 |  967.0 |
       Dungeon |   7736 |   7521 |    215 |    773 |   5361 |   8 |  967.0 |
               +--------+--------+--------+--------+--------+-----+--------+

Top non-repeatable levels by time:
     D:5: 1321 daAuts
     D:6: 1262 daAuts
     D:3: 1091 daAuts
     D:4: 1072 daAuts
     D:2: 971 daAuts
     D:7: 926 daAuts
     D:1: 591 daAuts
     D:8: 499 daAuts
